Inferno vs Mustangs
Created - 2 avril 2016 at 20:00
Goals
|
| Inferno |
3 |
0 |
0 |
3 |
| Mustangs |
1 |
0 |
1 |
2 |
|
Shots
|
| Inferno |
15 |
12 |
3 |
30 |
| Mustangs |
7 |
9 |
21 |
37 |
|
1st period
1. Inferno , Brian Boyle 17 (Matt Kassian) at 1:48
2. Inferno , David Ullstrom 6 (Vladimir Zharkov, Vladimir Sobotka) at 5:32
3. Mustangs , Jerome Samson 5 (Jim O'Brien, Marcus Foligno) at 7:55
4. Inferno , Stephane Veilleux 36 (Mikhail Grabovski, Jonathan Ferland) at 13:03
Penalties :
Matt Kassian (Anc) for Tripping (Minor) at 18:32
2nd period
No Goal
Penalties :
Kyle Palmieri (Anc) for Holding (Minor) at 1:45, Colby Robak (Anc) for Tripping (Minor) at 9:02, Kyle Palmieri (Anc) for Hooking (Minor) at 11:39
3rd period
5. Mustangs , Ben Eager 32 (Derek Joslin, Riley Armstrong) at 18:05 (PP)
Penalties :
Marc Methot (Anc) for Hooking (Minor) at 2:28, Derek Joslin (Ham) for Hooking (Minor) at 7:01, David Ullstrom (Anc) for Hooking (Minor) at 17:49
Goalie Stats
Josh Harding (Anc), 35 saves from 37 shots - (0,946), W, 29-16-4, 60:00 minutes
Chet Pickard (Ham), 27 saves from 30 shots - (0,900), L, 10-8-2, 59:02 minutes
Players Stats for Inferno
Player Name G A P +/- PIM S H SB GA TA FO MP PP MP PK MP
------------------------------------------------------------------------------------
Anders Lee 0 0 0 -1 0 0 0 0 0 1 0/0 10:02 0:00 0:24
Beau Bennett 0 0 0 -1 0 4 0 0 0 0 0/0 9:38 0:00 0:00
Brian Boyle 1 0 1 1 0 2 1 0 1 0 1/6 14:32 0:00 1:35
Cal O'Reilly 0 0 0 -1 0 1 1 0 1 0 3/5 10:17 0:57 0:00
Colby Robak 0 0 0 2 2 0 1 1 0 1 0/0 23:43 0:47 4:40
David Ullstrom 1 0 1 1 2 1 1 0 0 0 0/0 11:14 0:57 0:00
Derek Peltier 0 0 0 -1 0 2 0 3 0 2 0/0 25:57 1:12 5:56
Jonathan Ferland 0 1 1 1 0 3 0 1 1 1 1/1 21:26 1:02 5:49
Kyle Palmieri 0 0 0 1 4 4 1 0 0 0 0/0 13:33 0:00 0:00
Marc Methot 0 0 0 2 2 2 1 0 1 0 0/0 21:26 0:47 3:41
Matt Kassian 0 1 1 1 2 0 0 0 0 1 0/0 12:43 0:00 0:16
Mikhail Grabovski 0 1 1 1 0 1 1 1 0 0 13/24 16:52 1:02 2:44
Sami Vatanen 0 0 0 -1 0 0 1 2 0 0 0/0 19:29 1:12 0:19
Simon Danis-Pepin 0 0 0 1 0 2 0 1 0 0 0/0 13:56 0:00 1:38
Stephane Veilleux 1 0 1 1 0 2 3 1 0 0 1/2 18:41 1:02 3:52
Vladimir Sobotka 0 1 1 1 0 3 2 0 0 0 7/15 18:09 0:00 5:42
Vladimir Zharkov 0 1 1 1 0 2 2 0 0 0 0/1 12:13 0:57 0:00
Zach Redmond 0 0 0 1 0 1 0 0 0 1 0/0 15:52 0:00 4:08
Players Stats for Mustangs
Player Name G A P +/- PIM S H SB GA TA FO MP PP MP PK MP
------------------------------------------------------------------------------------
Ben Eager 1 0 1 0 0 4 1 0 0 0 0/0 16:07 4:39 0:27
Brayden Schenn 0 0 0 -1 0 3 1 0 0 0 11/26 21:30 4:23 0:57
Cameron Gaunce 0 0 0 0 0 0 1 0 0 0 0/0 23:06 4:26 0:57
Daniel Winnik 0 0 0 -1 0 4 3 1 1 1 1/1 14:01 1:13 0:18
Denis Bodrov 0 0 0 0 0 3 2 3 1 0 0/0 21:00 4:26 0:57
Denis Shvidki 0 0 0 -1 0 3 0 0 1 0 1/1 20:42 4:15 0:32
Derek Joslin 0 1 1 0 2 2 1 2 0 0 0/0 25:05 5:45 0:00
Eric Gryba 0 0 0 0 0 2 2 0 0 3 0/0 27:00 5:45 1:02
Evander Kane 0 0 0 -1 0 7 0 0 3 0 2/3 21:26 4:19 1:00
Jerome Samson 1 0 1 0 0 2 0 0 0 0 0/0 10:45 1:09 0:00
Jim O'Brien 0 1 1 0 0 2 0 1 0 0 2/4 10:46 1:06 0:00
Joe Finley 0 0 0 -2 0 1 1 1 0 0 0/0 12:11 0:00 1:02
Marcus Foligno 0 1 1 0 0 1 1 1 1 0 0/0 8:18 0:00 0:00
Mark Pysyk 0 0 0 -2 0 0 1 2 0 0 0/0 11:20 0:00 0:00
Reilly Smith 0 0 0 0 0 0 0 0 0 0 0/1 15:34 4:47 0:00
Rick Schofield 0 0 0 -1 0 0 0 0 0 0 4/6 11:28 0:00 0:00
Riley Armstrong 0 1 1 0 0 3 1 0 0 0 7/12 16:13 4:42 0:44
Riley Nash 0 0 0 -1 0 0 0 0 0 0 0/0 11:28 0:00 0:00
3 Stars
1 - Stephane Veilleux (Anc)
2 - Josh Harding (Anc)
3 - Brian Boyle (Anc)
Power Play
Inferno - 0 on 1 Attempt(s) - 0,00%
Mustangs - 1 on 6 Attempt(s) - 16,67%
Penalty Kill
Inferno - 5 on 6 Attempt(s) - 83,33%
- Score 0 goal in Penalty Kill
Mustangs - 1 on 1 Attempt(s) - 100,00%
- Score 0 goal in Penalty Kill
Team Stat
Inferno - Hits : 15 - Faceoff Wins : 26 - Blocked Shots : 10 - Penalty Minutes : 12
Mustangs - Hits : 15 - Faceoff Wins : 28 - Blocked Shots : 11 - Penalty Minutes : 2
Official
Referees : Kozari Steve and Charron Francis
Linesman : Thor Nelson and Mark Pare
Game Notes
No Game Note
Finance
Level 1 -- Attendance: 1416 (70,80%) -- Ticket Income 56 640 $
Level 2 -- Attendance: 773 (77,30%) -- Ticket Income 15 460 $
Total Attendance: 2189 (72,97%)
Total Ticket Income: 72 100 $
Other Income: 3 605 $
Total Income: 75 705 $
Inferno
5 vs 5 Forward
Center Left Wing Right Wing Time % Phy DF OF
1 Mikhail Grabovski Stephane Veilleux Jonathan Ferland 40 1 2 2
2 Vladimir Sobotka David Ullstrom Vladimir Zharkov 30 1 2 2
3 Brian Boyle Matt Kassian Kyle Palmieri 20 1 2 2
4 Cal O'Reilly Anders Lee Beau Bennett 10 1 2 2
5 vs 5 Defense
Defense Defense Time % Phy DF OF
1 Sami Vatanen Derek Peltier 40 1 2 2
2 Colby Robak Marc Methot 30 1 2 2
3 Zach Redmond Simon Danis-Pepin 20 1 2 2
4 Colby Robak Marc Methot 10 1 2 2
PowerPlay Forward
Center Left Wing Right Wing Time % Phy DF OF
1 Mikhail Grabovski Stephane Veilleux Jonathan Ferland 60 1 2 2
2 Cal O'Reilly David Ullstrom Vladimir Zharkov 40 1 2 2
PowerPlay Defense
Defense Defense Time % Phy DF OF
1 Sami Vatanen Derek Peltier 60 1 2 2
2 Colby Robak Marc Methot 40 1 2 2
Penalty Kill 4 Players Forward
Center Wing Time % Phy DF OF
1 Vladimir Sobotka Jonathan Ferland 60 1 2 2
2 Mikhail Grabovski Stephane Veilleux 40 1 2 2
Penalty Kill 4 Players Defense
Defense Defense Time % Phy DF OF
1 Colby Robak Derek Peltier 60 1 2 2
2 Zach Redmond Marc Methot 40 1 2 2
Penalty Kill - 3 Players Forward
Forward Time % Phy DF OF
1 Jonathan Ferland 60 1 2 2
2 Vladimir Sobotka 40 1 2 2
Penalty Kill - 3 Players Defense
Defense Defense Time % Phy DF OF
1 Colby Robak Derek Peltier 60 1 2 2
2 Zach Redmond Marc Methot 40 1 2 2
4 vs 4 Forward
Center Wing Time % Phy DF OF
1 Mikhail Grabovski Jonathan Ferland 60 1 2 2
2 Vladimir Sobotka Stephane Veilleux 40 1 2 2
4 vs 4 Defense
Defense Defense Time % Phy DF OF
1 Sami Vatanen Derek Peltier 60 1 2 2
2 Colby Robak Marc Methot 40 1 2 2
Last Minutes Offensive
Center Left Wing Right Wing Defense Defense
Mikhail Grabovski Stephane Veilleux Jonathan Ferland Sami Vatanen Derek Peltier
Last Minutes Defensive
Center Left Wing Right Wing Defense Defense
Mikhail Grabovski Stephane Veilleux Jonathan Ferland Colby Robak Marc Methot
Goaltenders
Starting : Josh Harding
Backup : Michael Hutchinson
Extra Forwards
Normal : Vladimir Sobotka, Vladimir Zharkov, Brian Boyle - PP : Beau Bennett, Kyle Palmieri - PK : Brian Boyle
Extra Defensemen
Normal : Colby Robak, Marc Methot, Simon Danis-Pepin - PP : Zach Redmond - PK : Marc Methot, Simon Danis-Pepin
Penalty Shots
Mikhail Grabovski, Vladimir Zharkov, Jonathan Ferland, Anders Lee, Beau Bennett
Mustangs
5 vs 5 Forward
Center Left Wing Right Wing Time % Phy DF OF
1 Brayden Schenn Evander Kane Denis Shvidki 40 0 2 3
2 Riley Armstrong Ben Eager Reilly Smith 30 0 2 3
3 Rick Schofield Daniel Winnik Riley Nash 20 0 2 3
4 Jim O'Brien Marcus Foligno Jerome Samson 10 0 2 3
5 vs 5 Defense
Defense Defense Time % Phy DF OF
1 Derek Joslin Eric Gryba 40 1 2 2
2 Denis Bodrov Cameron Gaunce 30 1 2 2
3 Mark Pysyk Joe Finley 20 1 2 2
4 Cameron Gaunce Eric Gryba 10 1 2 2
PowerPlay Forward
Center Left Wing Right Wing Time % Phy DF OF
1 Brayden Schenn Evander Kane Denis Shvidki 60 0 0 5
2 Riley Armstrong Ben Eager Reilly Smith 40 0 0 5
PowerPlay Defense
Defense Defense Time % Phy DF OF
1 Derek Joslin Eric Gryba 60 0 1 4
2 Denis Bodrov Cameron Gaunce 40 0 1 4
Penalty Kill 4 Players Forward
Center Wing Time % Phy DF OF
1 Brayden Schenn Evander Kane 60 0 5 0
2 Riley Armstrong Denis Shvidki 40 0 5 0
Penalty Kill 4 Players Defense
Defense Defense Time % Phy DF OF
1 Derek Joslin Eric Gryba 60 1 4 0
2 Denis Bodrov Cameron Gaunce 40 1 4 0
Penalty Kill - 3 Players Forward
Forward Time % Phy DF OF
1 Brayden Schenn 60 0 5 0
2 Denis Shvidki 40 0 5 0
Penalty Kill - 3 Players Defense
Defense Defense Time % Phy DF OF
1 Derek Joslin Eric Gryba 60 1 4 0
2 Denis Bodrov Cameron Gaunce 40 1 4 0
4 vs 4 Forward
Center Wing Time % Phy DF OF
1 Brayden Schenn Evander Kane 60 0 1 4
2 Riley Armstrong Denis Shvidki 40 0 1 4
4 vs 4 Defense
Defense Defense Time % Phy DF OF
1 Derek Joslin Eric Gryba 60 0 2 3
2 Denis Bodrov Cameron Gaunce 40 0 2 3
Last Minutes Offensive
Center Left Wing Right Wing Defense Defense
Brayden Schenn Evander Kane Denis Shvidki Derek Joslin Eric Gryba
Last Minutes Defensive
Center Left Wing Right Wing Defense Defense
Brayden Schenn Ben Eager Riley Nash Denis Bodrov Cameron Gaunce
Goaltenders
Starting : Chet Pickard
Backup : Maxime Ouellet
Extra Forwards
Normal : Evander Kane, Brayden Schenn, Reilly Smith - PP : Brayden Schenn, Evander Kane - PK : Daniel Winnik
Extra Defensemen
Normal : Cameron Gaunce, Eric Gryba, Derek Joslin - PP : Cameron Gaunce - PK : Eric Gryba, Derek Joslin
Penalty Shots
Brayden Schenn, Denis Shvidki, Reilly Smith, Ben Eager, Evander Kane
% Time on Ice - Inferno
Lines # - Real PCT - Wanted PCT - Time Play
Normal Forward
1 - 32% - 40% - 14:48
2 - 22% - 30% - 10:18
3 - 26% - 20% - 11:56
4 - 21% - 10% - 9:38
Normal Defense
1 - 41% - 40% - 19:09
2 - 30% - 30% - 13:46
3 - 24% - 20% - 11:23
4 - 5% - 10% - 2:22
PP Forward
1 - 52% - 60% - 1:02
2 - 48% - 40% - 0:57
PP Defense
1 - 61% - 60% - 1:12
2 - 39% - 40% - 0:47
PK Forward
1 - 73% - 60% - 7:27
2 - 27% - 40% - 2:44
PK Defense
1 - 59% - 60% - 6:03
2 - 41% - 40% - 4:08
PK3 Forward
1 - 0% - 60%
2 - 0% - 40%
PK3 Defense
1 - 0% - 60%
2 - 0% - 40%
44 Forward
1 - 0% - 60%
2 - 0% - 40%
44 Defense
1 - 0% - 60%
2 - 0% - 40%
Last Minute Offensive - 0:00
Last Minute Defensive - 1:10
Total
Forward - 60:00
Defense - 60:00
|
% Time on Ice - Mustangs
Lines # - Real PCT - Wanted PCT - Time Play
Normal Forward
1 - 35% - 40% - 16:10
2 - 23% - 30% - 10:47
3 - 25% - 20% - 11:28
4 - 18% - 10% - 8:18
Normal Defense
1 - 39% - 40% - 18:27
2 - 33% - 30% - 15:37
3 - 23% - 20% - 10:46
4 - 4% - 10% - 1:53
PP Forward
1 - 50% - 60% - 5:06
2 - 50% - 40% - 5:05
PP Defense
1 - 56% - 60% - 5:45
2 - 44% - 40% - 4:26
PK Forward
1 - 73% - 60% - 1:27
2 - 27% - 40% - 0:32
PK Defense
1 - 52% - 60% - 1:02
2 - 48% - 40% - 0:57
PK3 Forward
1 - 0% - 60%
2 - 0% - 40%
PK3 Defense
1 - 0% - 60%
2 - 0% - 40%
44 Forward
1 - 0% - 60%
2 - 0% - 40%
44 Defense
1 - 0% - 60%
2 - 0% - 40%
Last Minute Offensive - 1:07
Last Minute Defensive - 0:00
Total
Forward - 60:00
Defense - 60:00
|
Play by Play
1st period
0:01 of 1st period - Mikhail Grabovski wins face-off versus Brayden Schenn in neutral zone.
1:16 of 1st period - Snap shot by Jerome Samson.
1:16 of 1st period - Stopped by Josh Harding without a rebound.
1:17 of 1st period - Jim O'Brien wins face-off versus Brian Boyle in Inferno zone.
1:48 of 1st period - Snap shot by Brian Boyle.
1:48 of 1st period - Goal by Brian Boyle - Inferno : 1 - Mustangs : 0.
1:49 of 1st period - Mikhail Grabovski wins face-off versus Brayden Schenn in neutral zone.
3:31 of 1st period - Riley Armstrong is hit by Cal O'Reilly and loses puck.
3:38 of 1st period - Wrist shot by Riley Armstrong.
3:38 of 1st period - Shot Blocked by Simon Danis-Pepin.
4:18 of 1st period - Mikhail Grabovski is hit by Denis Bodrov and loses puck.
4:32 of 1st period - Off-side.
4:33 of 1st period - Riley Armstrong wins face-off versus Vladimir Sobotka in neutral zone.
5:08 of 1st period - Snap shot by Vladimir Sobotka.
5:08 of 1st period - Stopped by Chet Pickard with a rebound.
5:10 of 1st period - Wrist shot by Vladimir Zharkov.
5:10 of 1st period - Shot Blocked by Joe Finley.
5:12 of 1st period - Slapshot by Colby Robak.
5:12 of 1st period - Shot Blocked by Mark Pysyk.
5:20 of 1st period - Snap shot by Vladimir Zharkov.
5:20 of 1st period - Shot Misses the Net.
5:22 of 1st period - Wrist shot by Vladimir Sobotka.
5:22 of 1st period - Shot Blocked by Mark Pysyk.
5:24 of 1st period - Slapshot by Colby Robak.
5:24 of 1st period - Shot Misses the Net.
5:26 of 1st period - Snap shot by Marc Methot.
5:26 of 1st period - Stopped by Chet Pickard with a rebound.
5:30 of 1st period - Backhand shot by Vladimir Sobotka.
5:30 of 1st period - Deflect By Vladimir Zharkov.
5:30 of 1st period - Stopped by Chet Pickard with a rebound.
5:32 of 1st period - Snap shot by David Ullstrom.
5:32 of 1st period - Goal by David Ullstrom - Inferno : 2 - Mustangs : 0.
5:33 of 1st period - Evander Kane wins face-off versus Mikhail Grabovski in neutral zone.
5:58 of 1st period - Derek Peltier is hit by Eric Gryba and loses puck.
6:47 of 1st period - Wrist shot by Denis Shvidki.
6:47 of 1st period - Shot Misses the Net.
7:09 of 1st period - Colby Robak is hit by Eric Gryba and loses puck.
7:24 of 1st period - Wrist shot by Beau Bennett.
7:24 of 1st period - Stopped by Chet Pickard without a rebound.
7:25 of 1st period - Cal O'Reilly wins face-off versus Jim O'Brien in Mustangs zone.
7:41 of 1st period - Snap shot by Beau Bennett.
7:41 of 1st period - Shot Blocked by Jim O'Brien.
7:55 of 1st period - Wrist shot by Jerome Samson.
7:55 of 1st period - Goal by Jerome Samson - Inferno : 2 - Mustangs : 1.
7:56 of 1st period - Stephane Veilleux wins face-off versus Brayden Schenn in neutral zone.
8:30 of 1st period - Wrist shot by Vladimir Sobotka.
8:30 of 1st period - Stopped by Chet Pickard without a rebound.
8:31 of 1st period - Riley Armstrong wins face-off versus Brian Boyle in Mustangs zone.
9:04 of 1st period - Snap shot by Daniel Winnik.
9:04 of 1st period - Shot Misses the Net.
9:08 of 1st period - Snap shot by Daniel Winnik.
9:08 of 1st period - Shot Misses the Net.
9:18 of 1st period - Brayden Schenn is hit by Stephane Veilleux and loses puck.
9:50 of 1st period - Vladimir Zharkov is hit by Riley Armstrong and loses puck.
10:03 of 1st period - Icing by Mark Pysyk.
10:04 of 1st period - Jim O'Brien wins face-off versus Cal O'Reilly in Mustangs zone.
10:21 of 1st period - Snap shot by Marcus Foligno.
10:21 of 1st period - Shot Misses the Net.
10:54 of 1st period - Mark Pysyk is hit by Sami Vatanen and loses puck.
11:14 of 1st period - Wrist shot by Jerome Samson.
11:14 of 1st period - Shot Misses the Net.
12:01 of 1st period - Wrist shot by Anders Lee.
12:01 of 1st period - Shot Blocked by Derek Joslin.
12:03 of 1st period - Snap shot by Derek Peltier.
12:03 of 1st period - Shot Blocked by Derek Joslin.
12:05 of 1st period - Wrist shot by Beau Bennett.
12:05 of 1st period - Stopped by Chet Pickard with a rebound.
12:07 of 1st period - Slapshot by Derek Peltier.
12:07 of 1st period - Stopped by Chet Pickard with a rebound.
12:09 of 1st period - Wrist shot by Cal O'Reilly.
12:09 of 1st period - Shot Misses the Net.
12:13 of 1st period - Backhand shot by Beau Bennett.
12:13 of 1st period - Stopped by Chet Pickard with a rebound.
12:15 of 1st period - Snap shot by Derek Peltier.
12:15 of 1st period - Shot Blocked by Marcus Foligno.
12:17 of 1st period - Slapshot by Beau Bennett.
12:17 of 1st period - Shot Misses the Net.
12:33 of 1st period - Wrist shot by Cal O'Reilly.
12:33 of 1st period - Shot Misses the Net.
12:53 of 1st period - Wrist shot by Cal O'Reilly.
12:53 of 1st period - Stopped by Chet Pickard without a rebound.
12:54 of 1st period - Mikhail Grabovski wins face-off versus Brayden Schenn in Mustangs zone.
13:03 of 1st period - Slapshot by Stephane Veilleux.
13:03 of 1st period - Goal by Stephane Veilleux - Inferno : 3 - Mustangs : 1.
13:04 of 1st period - Brayden Schenn wins face-off versus Mikhail Grabovski in neutral zone.
13:10 of 1st period - Wrist shot by Evander Kane.
13:10 of 1st period - Shot Misses the Net.
13:14 of 1st period - Wrist shot by Evander Kane.
13:14 of 1st period - Stopped by Josh Harding with a rebound.
13:16 of 1st period - Slapshot by Denis Bodrov.
13:16 of 1st period - Stopped by Josh Harding with a rebound.
13:30 of 1st period - Denis Bodrov is hit by Vladimir Zharkov and loses puck.
13:54 of 1st period - Wrist shot by Daniel Winnik.
13:54 of 1st period - Stopped by Josh Harding with a rebound.
14:10 of 1st period - Marc Methot is hit by Mark Pysyk.
14:30 of 1st period - Off-side.
14:31 of 1st period - Rick Schofield wins face-off versus Mikhail Grabovski in neutral zone.
14:41 of 1st period - Off-side.
14:42 of 1st period - Brayden Schenn wins face-off versus Mikhail Grabovski in neutral zone.
16:24 of 1st period - Snap shot by Kyle Palmieri.
16:24 of 1st period - Stopped by Chet Pickard with a rebound.
16:32 of 1st period - Colby Robak is hit by Daniel Winnik and loses puck.
16:43 of 1st period - Wrist shot by Riley Armstrong.
16:43 of 1st period - Stopped by Josh Harding without a rebound.
16:44 of 1st period - Riley Armstrong wins face-off versus Mikhail Grabovski in Inferno zone.
16:45 of 1st period - Wrist shot by Ben Eager.
16:45 of 1st period - Shot Misses the Net.
16:48 of 1st period - Icing by Jonathan Ferland.
16:49 of 1st period - Mikhail Grabovski wins face-off versus Riley Armstrong in Inferno zone.
17:23 of 1st period - Snap shot by Vladimir Zharkov.
17:23 of 1st period - Deflect By Vladimir Sobotka.
17:23 of 1st period - Stopped by Chet Pickard with a rebound.
17:34 of 1st period - Icing by Derek Peltier.
17:35 of 1st period - Brian Boyle wins face-off versus Rick Schofield in Inferno zone.
17:44 of 1st period - Backhand shot by Brian Boyle.
17:44 of 1st period - Shot Misses the Net.
17:46 of 1st period - Slapshot by Kyle Palmieri.
17:46 of 1st period - Stopped by Chet Pickard without a rebound.
17:47 of 1st period - Mikhail Grabovski wins face-off versus Brayden Schenn in Mustangs zone.
18:32 of 1st period - Minor Penalty to Matt Kassian for Tripping.
18:33 of 1st period - Vladimir Sobotka wins face-off versus Brayden Schenn in Inferno zone.
18:45 of 1st period - Slapshot by Evander Kane.
18:45 of 1st period - Shot Blocked by Derek Peltier.
18:47 of 1st period - Snap shot by Denis Shvidki.
18:47 of 1st period - Shot Blocked by Colby Robak.
19:24 of 1st period - Icing by Brayden Schenn.
19:25 of 1st period - Vladimir Sobotka wins face-off versus Brayden Schenn in Mustangs zone.
19:44 of 1st period - Snap shot by Riley Armstrong.
19:44 of 1st period - Deflect By Ben Eager.
19:44 of 1st period - Stopped by Josh Harding with a rebound.
Goals for this period are 3 for Inferno vs 1 for Mustangs.
Shots for this period are 15 for Inferno vs 7 for Mustangs.
2nd period
0:01 of 2nd period - Brayden Schenn wins face-off versus Vladimir Sobotka in neutral zone.
0:32 of 2nd period - Penalty to Matt Kassian is over, Matt Kassian is back on ice.
1:01 of 2nd period - Colby Robak is hit by Daniel Winnik and loses puck.
1:14 of 2nd period - Slapshot by Kyle Palmieri.
1:14 of 2nd period - Stopped by Chet Pickard with a rebound.
1:16 of 2nd period - Wrist shot by Brian Boyle.
1:16 of 2nd period - Stopped by Chet Pickard with a rebound.
1:18 of 2nd period - Slapshot by Simon Danis-Pepin.
1:18 of 2nd period - Stopped by Chet Pickard with a rebound.
1:20 of 2nd period - Snap shot by Matt Kassian.
1:20 of 2nd period - Shot Misses the Net.
1:22 of 2nd period - Slapshot by Simon Danis-Pepin.
1:22 of 2nd period - Stopped by Chet Pickard without a rebound.
1:23 of 2nd period - Brayden Schenn wins face-off versus Mikhail Grabovski in Mustangs zone.
1:23 of 2nd period - Brayden Schenn is hit by Mikhail Grabovski.
1:33 of 2nd period - Wrist shot by Evander Kane.
1:33 of 2nd period - Stopped by Josh Harding with a rebound.
1:45 of 2nd period - Minor Penalty to Kyle Palmieri for Holding.
1:46 of 2nd period - Brayden Schenn wins face-off versus Vladimir Sobotka in Inferno zone.
3:06 of 2nd period - Jonathan Ferland is hit by Ben Eager and loses puck.
3:45 of 2nd period - Penalty to Kyle Palmieri is over, Kyle Palmieri is back on ice.
3:55 of 2nd period - Zach Redmond is hit by Derek Joslin and loses puck.
4:02 of 2nd period - Derek Joslin is hit by Brian Boyle and loses puck.
4:21 of 2nd period - Snap shot by Daniel Winnik.
4:21 of 2nd period - Shot Blocked by Stephane Veilleux.
4:23 of 2nd period - Slapshot by Derek Joslin.
4:23 of 2nd period - Stopped by Josh Harding with a rebound.
4:25 of 2nd period - Slapshot by Derek Joslin.
4:25 of 2nd period - Shot Misses the Net.
4:35 of 2nd period - Snap shot by Daniel Winnik.
4:35 of 2nd period - Shot Misses the Net.
4:37 of 2nd period - Wrist shot by Daniel Winnik.
4:37 of 2nd period - Stopped by Josh Harding with a rebound.
4:39 of 2nd period - Snap shot by Daniel Winnik.
4:39 of 2nd period - Stopped by Josh Harding without a rebound.
4:40 of 2nd period - Vladimir Sobotka wins face-off versus Evander Kane in Inferno zone.
4:51 of 2nd period - Snap shot by Denis Shvidki.
4:51 of 2nd period - Stopped by Josh Harding without a rebound.
4:52 of 2nd period - Vladimir Sobotka wins face-off versus Reilly Smith in Inferno zone.
5:07 of 2nd period - Snap shot by Riley Armstrong.
5:07 of 2nd period - Shot Blocked by Sami Vatanen.
5:13 of 2nd period - Riley Armstrong is hit by Vladimir Sobotka and loses puck.
5:51 of 2nd period - Snap shot by Ben Eager.
5:51 of 2nd period - Stopped by Josh Harding without a rebound.
5:52 of 2nd period - Brayden Schenn wins face-off versus Vladimir Sobotka in Inferno zone.
6:19 of 2nd period - Brian Boyle is hit by Joe Finley and loses puck.
7:10 of 2nd period - Backhand shot by Daniel Winnik.
7:10 of 2nd period - Stopped by Josh Harding with a rebound.
7:18 of 2nd period - Slapshot by Evander Kane.
7:18 of 2nd period - Deflect By Brayden Schenn.
7:18 of 2nd period - Stopped by Josh Harding with a rebound.
7:54 of 2nd period - Snap shot by Beau Bennett.
7:54 of 2nd period - Stopped by Chet Pickard without a rebound.
7:55 of 2nd period - Cal O'Reilly wins face-off versus Brayden Schenn in Mustangs zone.
8:04 of 2nd period - Snap shot by Beau Bennett.
8:04 of 2nd period - Shot Blocked by Denis Bodrov.
8:24 of 2nd period - Snap shot by Mikhail Grabovski.
8:24 of 2nd period - Deflect By Jonathan Ferland.
8:24 of 2nd period - Stopped by Chet Pickard with a rebound.
8:26 of 2nd period - Wrist shot by Sami Vatanen.
8:26 of 2nd period - Deflect By Mikhail Grabovski.
8:26 of 2nd period - Shot Blocked by Denis Bodrov.
8:26 of 2nd period - Puck is out of play.
8:27 of 2nd period - Jonathan Ferland wins face-off versus Brayden Schenn in Mustangs zone.
8:39 of 2nd period - Snap shot by Mikhail Grabovski.
8:39 of 2nd period - Stopped by Chet Pickard with a rebound.
8:41 of 2nd period - Slapshot by Zach Redmond.
8:41 of 2nd period - Stopped by Chet Pickard without a rebound.
8:42 of 2nd period - Riley Armstrong wins face-off versus Vladimir Sobotka in Mustangs zone.
9:02 of 2nd period - Minor Penalty to Colby Robak for Tripping.
9:03 of 2nd period - Vladimir Sobotka wins face-off versus Brayden Schenn in Inferno zone.
9:14 of 2nd period - Eric Gryba is hit by Marc Methot and loses puck.
11:02 of 2nd period - Penalty to Colby Robak is over, Colby Robak is back on ice.
11:20 of 2nd period - Wrist shot by Jonathan Ferland.
11:20 of 2nd period - Stopped by Chet Pickard without a rebound.
11:21 of 2nd period - Rick Schofield wins face-off versus Brian Boyle in Mustangs zone.
11:26 of 2nd period - Brian Boyle is hit by Daniel Winnik and loses puck.
11:39 of 2nd period - Minor Penalty to Kyle Palmieri for Hooking.
11:40 of 2nd period - Vladimir Sobotka wins face-off versus Brayden Schenn in Inferno zone.
13:39 of 2nd period - Penalty to Kyle Palmieri is over, Kyle Palmieri is back on ice.
14:14 of 2nd period - Wrist shot by Kyle Palmieri.
14:14 of 2nd period - Shot Misses the Net.
14:16 of 2nd period - Snap shot by Colby Robak.
14:16 of 2nd period - Shot Misses the Net.
14:47 of 2nd period - Snap shot by Kyle Palmieri.
14:47 of 2nd period - Stopped by Chet Pickard with a rebound.
14:49 of 2nd period - Snap shot by Vladimir Sobotka.
14:49 of 2nd period - Shot Blocked by Daniel Winnik.
14:58 of 2nd period - Icing by Derek Joslin.
14:59 of 2nd period - Rick Schofield wins face-off versus Cal O'Reilly in Mustangs zone.
15:12 of 2nd period - Snap shot by Rick Schofield.
15:12 of 2nd period - Shot Misses the Net.
15:50 of 2nd period - Icing by Denis Bodrov.
15:51 of 2nd period - Mikhail Grabovski wins face-off versus Riley Armstrong in Mustangs zone.
16:00 of 2nd period - Backhand shot by Stephane Veilleux.
16:00 of 2nd period - Stopped by Chet Pickard with a rebound.
17:39 of 2nd period - Backhand shot by Riley Armstrong.
17:39 of 2nd period - Stopped by Josh Harding with a rebound.
17:57 of 2nd period - Slapshot by Kyle Palmieri.
17:57 of 2nd period - Shot Misses the Net.
18:48 of 2nd period - Jim O'Brien is hit by Stephane Veilleux.
19:17 of 2nd period - Icing by Eric Gryba.
19:18 of 2nd period - Cal O'Reilly wins face-off versus Brayden Schenn in Mustangs zone.
19:45 of 2nd period - Slapshot by Vladimir Zharkov.
19:45 of 2nd period - Stopped by Chet Pickard with a rebound.
19:48 of 2nd period - Icing by Cameron Gaunce.
19:49 of 2nd period - Mikhail Grabovski wins face-off versus Jim O'Brien in Mustangs zone.
19:57 of 2nd period - Off-side.
19:58 of 2nd period - Brayden Schenn wins face-off versus Mikhail Grabovski in neutral zone.
Goals for this period are 0 for Inferno vs 0 for Mustangs.
Shots for this period are 12 for Inferno vs 9 for Mustangs.
3rd period
0:01 of 3rd period - Mikhail Grabovski wins face-off versus Brayden Schenn in neutral zone.
0:14 of 3rd period - Backhand shot by Jonathan Ferland.
0:14 of 3rd period - Stopped by Chet Pickard with a rebound.
0:36 of 3rd period - Matt Kassian is hit by Brayden Schenn and loses puck.
0:56 of 3rd period - Brian Boyle is hit by Denis Bodrov and loses puck.
2:06 of 3rd period - Slapshot by Denis Bodrov.
2:06 of 3rd period - Shot Blocked by Derek Peltier.
2:08 of 3rd period - Backhand shot by Evander Kane.
2:08 of 3rd period - Stopped by Josh Harding without a rebound.
2:09 of 3rd period - Mikhail Grabovski wins face-off versus Riley Armstrong in Inferno zone.
2:19 of 3rd period - Off-side.
2:20 of 3rd period - Riley Armstrong wins face-off versus Stephane Veilleux in neutral zone.
2:28 of 3rd period - Minor Penalty to Marc Methot for Hooking.
2:29 of 3rd period - Riley Armstrong wins face-off versus Vladimir Sobotka in Inferno zone.
4:28 of 3rd period - Penalty to Marc Methot is over, Marc Methot is back on ice.
4:41 of 3rd period - Backhand shot by Beau Bennett.
4:41 of 3rd period - Shot Misses the Net.
6:21 of 3rd period - Icing by Brayden Schenn.
6:22 of 3rd period - Brayden Schenn wins face-off versus Brian Boyle in Mustangs zone.
6:22 of 3rd period - Brayden Schenn is hit by Kyle Palmieri.
6:48 of 3rd period - Slapshot by Riley Armstrong.
6:48 of 3rd period - Deflect By Ben Eager.
6:48 of 3rd period - Shot Blocked by Sami Vatanen.
6:48 of 3rd period - Puck is out of play.
6:49 of 3rd period - Mikhail Grabovski wins face-off versus Riley Armstrong in Inferno zone.
7:01 of 3rd period - Minor Penalty to Derek Joslin for Hooking.
7:02 of 3rd period - Mikhail Grabovski wins face-off versus Brayden Schenn in Mustangs zone.
8:21 of 3rd period - Denis Shvidki is hit by Colby Robak and loses puck.
9:01 of 3rd period - Penalty to Derek Joslin is over, Derek Joslin is back on ice.
9:08 of 3rd period - Snap shot by Marcus Foligno.
9:08 of 3rd period - Shot Misses the Net.
9:10 of 3rd period - Slapshot by Joe Finley.
9:10 of 3rd period - Stopped by Josh Harding with a rebound.
9:12 of 3rd period - Wrist shot by Jim O'Brien.
9:12 of 3rd period - Stopped by Josh Harding with a rebound.
9:14 of 3rd period - Slapshot by Jim O'Brien.
9:14 of 3rd period - Stopped by Josh Harding with a rebound.
9:16 of 3rd period - Wrist shot by Jim O'Brien.
9:16 of 3rd period - Shot Blocked by Derek Peltier.
9:18 of 3rd period - Slapshot by Marcus Foligno.
9:18 of 3rd period - Stopped by Josh Harding with a rebound.
9:20 of 3rd period - Slapshot by Eric Gryba.
9:20 of 3rd period - Stopped by Josh Harding with a rebound.
9:30 of 3rd period - Snap shot by Beau Bennett.
9:30 of 3rd period - Shot Misses the Net.
10:10 of 3rd period - Colby Robak is hit by Cameron Gaunce and loses puck.
10:34 of 3rd period - Simon Danis-Pepin is hit by Marcus Foligno and loses puck.
12:04 of 3rd period - Slapshot by Evander Kane.
12:04 of 3rd period - Stopped by Josh Harding without a rebound.
12:05 of 3rd period - Rick Schofield wins face-off versus Vladimir Zharkov in Inferno zone.
12:06 of 3rd period - Wrist shot by Daniel Winnik.
12:06 of 3rd period - Shot Misses the Net.
12:21 of 3rd period - Joe Finley is hit by Vladimir Sobotka and loses puck.
12:33 of 3rd period - Off-side.
12:34 of 3rd period - Brayden Schenn wins face-off versus Brian Boyle in neutral zone.
12:39 of 3rd period - Snap shot by Denis Shvidki.
12:39 of 3rd period - Shot Misses the Net.
12:41 of 3rd period - Snap shot by Brayden Schenn.
12:41 of 3rd period - Stopped by Josh Harding without a rebound.
12:42 of 3rd period - Brayden Schenn wins face-off versus Mikhail Grabovski in Inferno zone.
12:45 of 3rd period - Snap shot by Evander Kane.
12:45 of 3rd period - Deflect By Denis Shvidki.
12:45 of 3rd period - Shot Misses the Net.
12:45 of 3rd period - Puck is out of play.
12:46 of 3rd period - Evander Kane wins face-off versus Mikhail Grabovski in Inferno zone.
13:18 of 3rd period - Slapshot by Derek Joslin.
13:18 of 3rd period - Deflect By David Ullstrom.
13:18 of 3rd period - Stopped by Josh Harding without a rebound.
13:19 of 3rd period - Riley Armstrong wins face-off versus Vladimir Sobotka in Inferno zone.
14:06 of 3rd period - Snap shot by Daniel Winnik.
14:06 of 3rd period - Shot Misses the Net.
14:28 of 3rd period - Snap shot by Beau Bennett.
14:28 of 3rd period - Shot Misses the Net.
14:30 of 3rd period - Wrist shot by Marc Methot.
14:30 of 3rd period - Stopped by Chet Pickard with a rebound.
14:46 of 3rd period - Cameron Gaunce is hit by Vladimir Zharkov and loses puck.
14:55 of 3rd period - Wrist shot by Vladimir Zharkov.
14:55 of 3rd period - Shot Blocked by Denis Bodrov.
15:09 of 3rd period - Backhand shot by Denis Bodrov.
15:09 of 3rd period - Deflect By Jonathan Ferland.
15:09 of 3rd period - Stopped by Josh Harding with a rebound.
15:11 of 3rd period - Slapshot by Denis Bodrov.
15:11 of 3rd period - Deflect By Denis Shvidki.
15:11 of 3rd period - Stopped by Josh Harding without a rebound.
15:12 of 3rd period - Mikhail Grabovski wins face-off versus Brayden Schenn in Inferno zone.
15:45 of 3rd period - Slapshot by Derek Peltier.
15:45 of 3rd period - Stopped by Chet Pickard with a rebound.
16:01 of 3rd period - Snap shot by Ben Eager.
16:01 of 3rd period - Stopped by Josh Harding with a rebound.
16:03 of 3rd period - Slapshot by Eric Gryba.
16:03 of 3rd period - Stopped by Josh Harding without a rebound.
16:04 of 3rd period - Brayden Schenn wins face-off versus Mikhail Grabovski in Inferno zone.
16:13 of 3rd period - Wrist shot by Evander Kane.
16:13 of 3rd period - Stopped by Josh Harding with a rebound.
17:00 of 3rd period - Denis Shvidki is hit by David Ullstrom and loses puck.
17:22 of 3rd period - Slapshot by Denis Bodrov.
17:22 of 3rd period - Shot Blocked by Mikhail Grabovski.
17:24 of 3rd period - Slapshot by Denis Bodrov.
17:24 of 3rd period - Shot Blocked by Jonathan Ferland.
17:26 of 3rd period - Wrist shot by Denis Shvidki.
17:26 of 3rd period - Deflect By Jonathan Ferland.
17:26 of 3rd period - Stopped by Josh Harding with a rebound.
17:28 of 3rd period - Slapshot by Denis Bodrov.
17:28 of 3rd period - Shot Misses the Net.
17:30 of 3rd period - Slapshot by Denis Bodrov.
17:30 of 3rd period - Stopped by Josh Harding with a rebound.
17:32 of 3rd period - Wrist shot by Brayden Schenn.
17:32 of 3rd period - Shot Misses the Net.
17:34 of 3rd period - Snap shot by Brayden Schenn.
17:34 of 3rd period - Stopped by Josh Harding without a rebound.
17:35 of 3rd period - Daniel Winnik wins face-off versus Vladimir Sobotka in Inferno zone.
17:49 of 3rd period - Minor Penalty to David Ullstrom for Hooking.
17:50 of 3rd period - Vladimir Sobotka wins face-off versus Riley Armstrong in Inferno zone.
18:01 of 3rd period - Snap shot by Riley Armstrong.
18:01 of 3rd period - Stopped by Josh Harding with a rebound.
18:03 of 3rd period - Slapshot by Derek Joslin.
18:03 of 3rd period - Shot Misses the Net.
18:05 of 3rd period - Snap shot by Ben Eager.
18:05 of 3rd period - Goal by Ben Eager - Inferno : 3 - Mustangs : 2.
18:06 of 3rd period - Mikhail Grabovski wins face-off versus Rick Schofield in neutral zone.
18:09 of 3rd period - Eric Gryba is hit by Stephane Veilleux and loses puck.
19:02 of 3rd period - Mustangs, Chet Pickard is pulled from the net.
19:32 of 3rd period - Slapshot by Evander Kane.
19:32 of 3rd period - Stopped by Josh Harding with a rebound.
19:34 of 3rd period - Wrist shot by Evander Kane.
19:34 of 3rd period - Stopped by Josh Harding without a rebound.
19:35 of 3rd period - Adams Oates call a timeout for Mustangs.
19:35 of 3rd period - Denis Shvidki wins face-off versus Mikhail Grabovski in Inferno zone.
19:40 of 3rd period - Snap shot by Denis Shvidki.
19:40 of 3rd period - Shot Misses the Net.
19:52 of 3rd period - Snap shot by Evander Kane.
19:52 of 3rd period - Shot Misses the Net.
Goals for this period are 0 for Inferno vs 1 for Mustangs.
Shots for this period are 3 for Inferno vs 21 for Mustangs.
Back to the Top